 Dungeon Crawl Stone Soup version 0.31-a0-188-g5e087ee2ca (webtiles) character file.

Game seed: 4183493917593317413

1120 qw the Skirmisher (level 8, -6/41 (45) HPs)
             Began as a Deep Elf Hunter on June 23, 2023.
             Mangled by a wight
             ... wielding a +0 long sword
              (7 damage)
             ... on level 5 of the Dungeon.
             The game lasted 00:01:17 (3198 turns).

qw the Skirmisher (Deep Elf Hunter)                 Turns: 3198, Time: 00:01:17

HP:   -6/41 (45)    AC: 13    Str: 14    XL:     8   Next: 12%
MP:   10/10         EV: 13    Int: 15    God:
Gold: 184           SH:  0    Dex: 20    Spells: 7/7 levels left

rFire   . . .        Y - +1 shortbow (drain)
rCold   . . .        (shield currently unavailable)
rNeg    + . .        a - +2 ring mail {rN+}
rPois   .            (no helmet)
rElec   .            (no cloak)
rCorr   .            (no gloves)
SInv    .            d - +1 pair of boots
Will    .....        b - amulet of the acrobat
Stlth   +            f - +6 ring of strength
HPRegen 0.26/turn    k - +4 ring of protection
MPRegen 0.12/turn

%: acrobat
@: drained
A: no striking features
a: no special abilities


You were on level 5 of the Dungeon.
You visited 1 branch of the dungeon, and saw 5 of its levels.

You collected 184 gold pieces.


   Skills:
 + Level 2.6 Fighting
 - Level 12.2 Ranged Weapons
 - Level 1.1 Armour
 - Level 4.2 Dodging
 - Level 1.2 Stealth


You had 7 spell levels left.
You didn't know any spells.
Your spell library was empty.

Inventory:

Hand Weapons
 Y - a +1 shortbow of draining (weapon)
Armour
 a - a +2 ring mail of positive energy (worn)
 d - a +1 pair of boots (worn)
Jewellery
 b - an amulet of the acrobat (around neck)
 f - a +6 ring of strength (left hand)
 k - a +4 ring of protection (right hand)
Scrolls
 h - a scroll of identify
Potions
 c - 2 potions of lignification {unknown}
 e - 2 potions of haste
 g - 3 potions of might
 i - a potion of mutation
 l - a potion of curing {unknown}
 m - a potion of brilliance {unknown}

Dungeon Overview and Level Annotations

Branches:
Dungeon (5/15)
 Temple: D:4-7

Altars:
Makhleb
Vehumet
Xom


Message History

You shoot an arrow. The arrow completely misses the wight.
You shoot an arrow.
The arrow hits the wight but does no damage.
You shoot an arrow.
The arrow hits the wight but does no damage.
You shoot an arrow. The arrow hits the wight.
The wight is lightly damaged.
You shoot an arrow. The arrow closely misses the wight.
You shoot an arrow.
The arrow hits the wight but does no damage.
The wight is lightly damaged.
You shoot an arrow.
The arrow hits the wight but does no damage.
The wight is lightly damaged.
You shoot an arrow. The arrow barely misses the wight.
The wight hits you with a +2 hand axe of freezing!
You partially resist.
You feel drained. The wight freezes you. The wight closely misses you.
You shoot an arrow. The arrow hits the wight.
The wight is lightly damaged.
The wight hits you with a +2 hand axe of freezing!
You partially resist.
You feel drained. The wight freezes you. The wight closely misses you.
You shoot an arrow. The arrow hits the wight.
The wight is moderately damaged.
The wight misses you. The wight completely misses you.
You shoot an arrow. The arrow barely misses the wight.
The wight hits you with a +2 hand axe of freezing!
You partially resist.
You feel drained. The wight freezes you. The wight closely misses you.
You shoot an arrow.
The arrow hits the wight but does no damage.
The wight is moderately damaged.
The wight closely misses you. x2
You shoot an arrow. The arrow hits the wight.
The wight is moderately damaged.
The wight hits you with a +2 hand axe of freezing.
The wight freezes you.
The wight hits you with a +0 long sword!
You die...

#......#...##..######..##....
#......#.....................
#......#...............##....
#######....##..######..##....
#....##..##########....
#######................
#..........(......
##...#########....
####@...###....###'##
......zz................
.......#................
.#.....#................
#.....#################
######


You could see 2 wights.

Vanquished Creatures
  Pikel (D:4)
  Sigmund (D:4)
  Edmund (D:4)
  An ogre (D:4)
  A phantom (D:5)
  A lemure (D:4)
  A hound (D:4)
  An orc priest (D:4)
  A gnoll bouda (D:4)
  An iguana (D:4)
  5 gnolls (D:4)
  2 adders
  An ufetubus (D:5)
  2 worms (D:3)
  3 dart slugs
  11 orcs
  3 ball pythons
  6 bats
  6 endoplasms
  6 giant cockroaches
  5 goblins
  3 hobgoblins
  4 jackals (D:1)
  2 quokkas
  3 frilled lizards
  5 kobolds
  4 rats
81 creatures vanquished.

Notes
Turn   | Place    | Note
-------+----------+-------------------------------------------
     0 | D:1      | qw the Deep Elf Hunter began the quest for the Orb.
     0 | D:1      | Reached XP level 1. HP: 12/12 MP: 3/3
     0 | D:1      | 0 ||| qw: Version: 0.3-a-9-g12657ce
     0 | D:1      | 0 ||| qw: Game counter: 3139
     0 | D:1      | 0 ||| qw: Always use a shield: true
     0 | D:1      | 0 ||| qw: God list: Okawaru
     0 | D:1      | 0 ||| qw: Allow faded altars: false
     0 | D:1      | 0 ||| qw: Do Orc after D:15 true
     0 | D:1      | 0 ||| qw: Do second Lair branch before Depths: true
     0 | D:1      | 0 ||| qw: Lair rune preference: random
     0 | D:1      | 0 ||| qw: Plans: Normal
     0 | D:1      | 0 ||| PLANNING D:1-11
   104 | D:1      | Reached XP level 2. HP: 14/16 MP: 4/4
   106 | D:1      | Reached skill level 6 in Ranged Weapons
   123 | D:1      | HP: 4/16 [quokka (3)]
   479 | D:1      | 479 ||| UPGRADING to +0 pair of boots.
   484 | D:1      | 484 ||| UPGRADING to +6 ring of strength.
   485 | D:1      | 485 ||| READING 3 scrolls labelled MOMMOQAIGG.
   486 | D:1      | 486 ||| READING 2 scrolls of brand weapon.
   486 | D:1      | 486 ||| BRANDING +0 shortbow of flaming.
   487 | D:1      | 487 ||| READING scroll of brand weapon.
   487 | D:1      | 487 ||| BRANDING +0 shortbow of freezing.
   488 | D:1      | 488 ||| READING scroll labelled EXKIRIE OCVIKK.
   489 | D:1      | 489 ||| READING scroll labelled ENIROTE YSUAPS.
   490 | D:1      | 490 ||| DROPPING scroll of butterflies.
   507 | D:2      | Reached XP level 3. HP: 20/20 MP: 5/5
   778 | D:2      | Found a burning altar of Makhleb.
   787 | D:2      | Reached skill level 7 in Ranged Weapons
  1074 | D:2      | 1074 ||| UPGRADING to +2 ring mail of positive energy.
  1084 | D:2      | 1084 ||| DROPPING +0 leather armour.
  1085 | D:2      | 1085 ||| READING scroll labelled SYNULU NAOTU.
  1086 | D:2      | 1086 ||| READING scroll labelled WESAQU SOWKAST.
  1087 | D:2      | 1087 ||| READING scroll labelled SEAPHI GOCE.
  1088 | D:2      | 1088 ||| READING 2 scrolls of identify.
  1088 | D:2      | 1088 ||| IDENTIFYING murky clear potion
  1090 | D:2      | 1090 ||| Stepping ~*~*~tactically~*~*~ (cloud).
  1092 | D:2      | HP: 5/20 [poisoned by you (poison gas)]
  1095 | D:2      | HP: 2/20 [poisoned by you (poison gas)]
  1548 | D:3      | Reached XP level 4. HP: 25/25 MP: 6/6
  1813 | D:3      | Identified the +1 robe of Masochism {Slay+3}
  1948 | D:3      | 1948 ||| READING scroll of enchant armour.
  1948 | D:3      | 1948 ||| ENCHANTING +0 pair of boots.
  2032 | D:3      | 2032 ||| DROPPING +1 robe of Masochism {Slay+3}.
  2033 | D:3      | 2033 ||| UPGRADING to amulet of the acrobat.
  2038 | D:3      | 2038 ||| READING scroll labelled WIUTAN DASEMI.
  2039 | D:3      | 2039 ||| READING scroll labelled ACUPTA KUIJY.
  2040 | D:3      | 2040 ||| READING scroll labelled DUIKHL JOAM.
  2044 | D:3      | 2044 ||| READING 4 scrolls of identify.
  2044 | D:3      | 2044 ||| IDENTIFYING fuming yellow potion
  2045 | D:3      | 2045 ||| READING 3 scrolls of identify.
  2045 | D:3      | 2045 ||| IDENTIFYING puce potion
  2088 | D:4      | Noticed Sigmund
  2092 | D:4      | Killed Sigmund
  2093 | D:4      | Reached skill level 9 in Ranged Weapons
  2093 | D:4      | Reached XP level 5. HP: 29/29 MP: 7/7
  2224 | D:4      | Reached skill level 3 in Dodging
  2224 | D:4      | Reached XP level 6. HP: 34/34 MP: 8/8
  2229 | D:4      | 2229 ||| FLEEEEING.
  2230 | D:4      | 2230 ||| FLEEEEING.
  2231 | D:4      | 2231 ||| FLEEEEING.
  2232 | D:4      | 2232 ||| FLEEEEING.
  2237 | D:4      | 2237 ||| FLEEEEING.
  2238 | D:4      | 2238 ||| FLEEEEING.
  2239 | D:4      | 2239 ||| FLEEEEING.
  2240 | D:4      | 2240 ||| FLEEEEING.
  2241 | D:4      | 2241 ||| FLEEEEING.
  2242 | D:4      | 2242 ||| FLEEEEING.
  2243 | D:4      | 2243 ||| FLEEEEING.
  2244 | D:4      | 2244 ||| FLEEEEING.
  2245 | D:4      | 2245 ||| FLEEEEING.
  2246 | D:4      | 2246 ||| FLEEEEING.
  2247 | D:4      | 2247 ||| FLEEEEING.
  2248 | D:4      | 2248 ||| FLEEEEING.
  2249 | D:4      | 2249 ||| FLEEEEING.
  2250 | D:4      | 2250 ||| FLEEEEING.
  2251 | D:4      | 2251 ||| FLEEEEING.
  2252 | D:4      | 2252 ||| FLEEEEING.
  2253 | D:4      | 2253 ||| FLEEEEING.
  2254 | D:4      | 2254 ||| FLEEEEING.
  2255 | D:4      | 2255 ||| FLEEEEING.
  2256 | D:4      | 2256 ||| FLEEEEING.
  2257 | D:4      | 2257 ||| FLEEEEING.
  2258 | D:4      | 2258 ||| FLEEEEING.
  2259 | D:4      | 2259 ||| FLEEEEING.
  2260 | D:4      | 2260 ||| FLEEEEING.
  2261 | D:4      | 2261 ||| FLEEEEING.
  2262 | D:4      | 2262 ||| FLEEEEING.
  2263 | D:4      | 2263 ||| FLEEEEING.
  2264 | D:4      | 2264 ||| FLEEEEING.
  2265 | D:4      | 2265 ||| FLEEEEING.
  2266 | D:4      | 2266 ||| FLEEEEING.
  2267 | D:4      | 2267 ||| FLEEEEING.
  2379 | D:4      | Reached skill level 10 in Ranged Weapons
  2543 | D:4      | Reached skill level 1 in Armour
  2592 | D:4      | Noticed Pikel
  2612 | D:4      | Killed Pikel
  2613 | D:4      | Reached skill level 12 in Ranged Weapons
  2613 | D:4      | Reached XP level 7. HP: 14/40 MP: 9/9
  2757 | D:4      | Found a shimmering altar of Xom.
  2979 | D:4      | Noticed Edmund
  2992 | D:4      | Killed Edmund
  2993 | D:4      | Reached XP level 8. HP: 36/44 MP: 10/10
  3025 | D:4      | 3025 ||| UPGRADING to +4 ring of protection.
  3026 | D:4      | 3026 ||| READING scroll labelled SURUIK ILER.
  3027 | D:4      | 3027 ||| READING 3 scrolls of identify.
  3027 | D:4      | 3027 ||| IDENTIFYING fizzy silvery potion
  3028 | D:4      | 3028 ||| READING 2 scrolls of identify.
  3028 | D:4      | 3028 ||| IDENTIFYING fizzy orange potion
  3029 | D:4      | 3029 ||| DROPPING potion of ambrosia.
  3030 | D:4      | 3030 ||| DROPPING potion of degeneration.
  3047 | D:5      | Entered Level 5 of the Dungeon
  3059 | D:5      | Found a radiant altar of Vehumet.
  3196 | D:5      | HP: 9/41 [wight/+2 hand axe of freezing (2)]
  3198 | D:5      | HP: 3/41 [wight/+2 hand axe of freezing (6)]
  3198 | D:5      | HP: 1/41 [wight/+2 hand axe of freezing (2)]
  3198 | D:5      | Mangled by a wight

Levels and vault maps discovered:
D:1:      lemuel_arrival_cross, layout_rooms
D:2:      layout_loops_cross, basic_altar, grunt_ministairs_4
D:3:      layout_basic, kennysheep_potato
D:4:      layout_basic, mainiacjoe_overflow_chevrons,
          chequers_serial_rivers_marsh, uniq_sigmund, uniq_edmund, uniq_pikel
D:5:      layout_gridville, nicolae_vehumet_altar_sigil,
          overflow_temple_1_default

Skill      XL: |  1  2  3  4  5  6  7 |
---------------+----------------------+-----
Ranged Weapons | 6 7 9 12 | 12.2
Dodging        | 3 4 |  4.2
Fighting       | 2 |  2.6
Armour         | 1 |  1.1
Stealth        | |  1.2

Action                     |  1- 3 |  4- 6 |  7- 9 || total
---------------------------+-------+-------+-------++-------
   Fire: Shortbow          |   109 |    89 |    40 ||   238
    Use: Scroll            |     9 |     6 |     3 ||    18
 Armour: Leather armour    |    10 |       |       ||    10
         Ring mail         |     3 |    17 |     5 ||    25
  Dodge: Dodged            |    29 |    26 |    17 ||    72

Table legend:
 A = Non-vault XP
 B = Vault XP
 C = Vault XP percentage of total XP
 D = Non-vault monster count
 E = Vault monster count
 F = Vault count percentage of total count
                 A         B        C        D         E       F
            +---------+---------+-------+---------+---------+-------
      Total |     618 |     983 |  61.4 |      72 |       8 |  10.0
            +---------+---------+-------+---------+---------+-------
        D:1 |      40 |       0 |   0.0 |      23 |       0 |   0.0
        D:2 |      23 |       5 |  17.9 |       7 |       2 |  22.2
        D:3 |      40 |       4 |   9.1 |      14 |       3 |  17.6
        D:4 |     395 |     974 |  71.1 |      25 |       3 |  10.7
        D:5 |     120 |       0 |   0.0 |       3 |       0 |   0.0
            +---------+---------+-------+---------+---------+-------
